cohdb
Replays
Latest Replays
All Replays
Popular Replays
Top Player Replays
Match Explorer
How It Works
Community
CoH3 Stats
Reddit
Sign in to upload your games and track your stats! →
Sign in with Steam
Match 42211002
Unlisted
Match 42211002
Overview
Messages
Build Orders
End
Construct Infanterie Kompanie
Selects Italian Coastal Battlegroup
Selects Coastal Reserves
Coastal Reserve
MG 42 Machine Gun Team
GrW 34 Mortar Team
Coastal Reserve
Construct Luftwaffe Kompanie
Selects Artillery Officer
Artillery Officer
Selects Designate Defensive Line
Designate Defensive Line
Support Elements
Wirbelwind Flakpanzer
Pioneer Squad
MG 42 Bunker
Selects Designated Artillery Overwatch
Infanterie Officer Quarters
Designated Artillery Overwatch
Construct Panzer Kompanie
Selects Coastal Wall
Stoßtruppen Squad
Stoßtruppen Squad
Panzer Officer Quarters
Selects Bulwark
MG 42 Bunker
homig
Stapleton
kerem
[Ⓥ] Haisen
제육 볶음
Sir James
左膠大將軍
sachok931
0
0
Comments
sign in to comment!
No comments posted yet!